 Dungeon Crawl Stone Soup version 0.24-a0-462-ge24419a6ad (webtiles) character file.

Game seed: 11886135732489115412

94 vurker the Charmwright (level 4, 0/38 HPs)
             Began as a Gnoll Skald on July 1, 2019.
             Slain by Ijyb
             ... wielding a +7 club
              (8 damage)
             ... on level 3 of the Dungeon.
             The game lasted 00:03:47 (2036 turns).

vurker the Charmwright (Gnoll Skald)                Turns: 2036, Time: 00:03:48

Health: 0/38       AC:  3    Str: 13    XL:     4   Next: 63%
Magic:  6/11       EV: 14    Int: 17    God:
Gold:   94         SH:  0    Dex: 14    Spells: 6/13 levels left

rFire    . . .     SeeInvis .   a - +0 spear
rCold    . . .     Gourm    .   (no shield)
rNeg     . . .     Faith    .   b - +0 leather armour
rPois    .         Spirit   .   (no helmet)
rElec    .         Reflect  .   (no cloak)
rCorr    .         Harm     .   (no gloves)
MR       .....                  (no boots)
Stlth    ++........             (no amulet)
HPRegen  0.12/turn              (no ring)
MPRegen  0.12/turn              (no ring)

@: no status effects
A: distributed training, fangs 1, strong nose
a: no special abilities


You were on level 3 of the Dungeon.
You were not hungry.

You visited 1 branch of the dungeon, and saw 3 of its levels.

You collected 94 gold pieces.

Inventory:

Hand Weapons
 a - a +0 spear (weapon)
Armour
 b - a +0 leather armour (worn)
Wands
 t - a wand of flame (24)
   (You took it off Jessica on level 3 of the Dungeon)
Scrolls
 h - 4 scrolls of identify {unknown}
 i - a scroll of immolation {unknown}
 j - 2 scrolls of enchant armour {unknown}
 l - a scroll of fear {unknown}
Potions
 d - a potion of agility {unknown}
 f - 2 potions of invisibility {unknown}
 g - 3 potions of curing {unknown}
 k - 2 potions of degeneration {unknown}
 m - 2 potions of mutation {unknown}
Comestibles
 c - a chunk of flesh
 e - 3 rations {!d}


   Skills:
 + Level 4.6 Fighting
 + Level 1.2 Short Blades
 + Level 1.2 Long Blades
 + Level 1.2 Axes
 + Level 1.2 Maces & Flails
 + Level 4.6 Polearms
 + Level 1.2 Staves
 + Level 1.2 Slings
 + Level 1.2 Bows
 + Level 1.2 Crossbows
 + Level 1.2 Throwing
 + Level 2.8 Armour
 + Level 4.6 Dodging
 + Level 1.2 Stealth
 + Level 1.2 Shields
 + Level 1.2 Unarmed Combat
 + Level 5.1 Spellcasting
 + Level 1.0 Conjurations
 + Level 1.0 Hexes
 + Level 5.5 Charms
 + Level 1.0 Summonings
 + Level 1.0 Necromancy
 + Level 1.0 Translocations
 + Level 1.0 Transmutations
 + Level 1.0 Fire Magic
 + Level 1.0 Ice Magic
 + Level 1.0 Air Magic
 + Level 1.0 Earth Magic
 + Level 1.0 Poison Magic
 + Level 1.3 Invocations
 + Level 1.2 Evocations


You had 6 spell levels left.
You knew the following spells:

 Your Spells              Type           Power        Failure   Level  Hunger
a - Spectral Weapon       Hex/Chrm       ###.....     14%         3    ###....
c - Infusion              Chrm           ###.         1%          1    None
q - Regeneration          Chrm/Necr      ###.......   14%         3    ###....

Your spell library contained the following spells:

 Spells                   Type           Power        Failure   Level  Hunger
 Song of Slaying          Chrm           ###.....     2%          2    #......
 Shroud of Golubria       Chrm/Tloc      ###...       7%          2    #......


Dungeon Overview and Level Annotations

Branches:
Dungeon (3/15)

Altars:
Fedhas

Annotations:
D:3 Ijyb


Innate Abilities, Weirdness & Mutations

Your experience applies equally to all skills.
You have very sharp teeth.
Your uncanny sense of smell can sniff out nearby items.


Message History

The puff of flame hits you!
You draw out your weapon's spirit!
You don't have enough magic to cast that spell.
Jessica mumbles some strange words.
Jessica blinks!
You hit Jessica.
Your spectral weapon hits Jessica!
You kill Jessica!
Your Conjurations skill increases to level 1!
Your Hexes skill increases to level 1!
Your Summonings skill increases to level 1!
Your Necromancy skill increases to level 1!
Your Translocations skill increases to level 1!
Your Transmutations skill increases to level 1!
Your Fire Magic skill increases to level 1!
Your Ice Magic skill increases to level 1!
Your Air Magic skill increases to level 1!
Your Earth Magic skill increases to level 1!
Your Poison Magic skill increases to level 1!
Unknown command.
Unknown command.
t - a wand of flame (24)
You see here a +0 robe.
There isn't anything to butcher here.
You start resting.
Your spectral weapon fades away.
Some of the chunks of flesh in your inventory have rotted away.
Your magical contamination has completely faded away.
Some of the chunks of flesh in your inventory have rotted away.
You start resting.
Ijyb the Twisted Goblin comes into view.
She is wielding a +7 club and carrying a wand of acid (8).
You draw out your weapon's spirit!
Attack whom?
Aim: Ijyb, wielding a +7 club, wearing a +0 leather armour and carrying a wand of acid (8) (resting)
You reach to attack!
The helpless Ijyb fails to defend herself.
You hit Ijyb but do no damage.
Your spectral weapon misses Ijyb.
You hit Ijyb.
Your spectral weapon hits Ijyb from afar.
Ijyb zaps a wand.
The bolt of acid misses you.
The bolt of acid hits your spectral weapon!!
Your spectral weapon is splashed with acid.
Your spectral weapon shares its damage with you! x2
Your spectral weapon fades away.
You miss Ijyb.
Ijyb zaps a wand.
The bolt of acid hits you!
You are splashed with acid!
* * * LOW HITPOINT WARNING * * *
You draw out your weapon's spirit!
Ijyb hits you with a +7 club!
You die...

#. .# ##. . ### ..#.
..# # ... #.# # #.####
#.# ###.##.## #.#
#.......# #.#
#.#.##.####.##########
#.#.##..........@g(..#
..#.#######.########.#
..#.# #.# ..#.# #.#
..#.#######.#
.............
#[#.######### ....#
#.###


You could see Ijyb and a friendly spectral +0 spear.

Vanquished Creatures
  Jessica (D:3)
  3 adders (D:2)
  An ooze (D:1)
  A worm (D:2)
  2 dart slugs
  A giant cockroach (D:1)
  2 goblins
  4 hobgoblins
  2 jackals (D:2)
  A quokka (D:2)
  3 bats (D:1)
  5 frilled lizards
  2 kobolds (D:1)
  8 rats
36 creatures vanquished.

Vanquished Creatures (others)
  A spectral weapon (D:3)
1 creature vanquished.

Grand Total: 37 creatures vanquished

Notes
Turn   | Place    | Note
-------+----------+-------------------------------------------
     0 | D:1      | vurker the Gnoll Skald began the quest for the Orb.
     0 | D:1      | Reached XP level 1. HP: 20/20 MP: 6/6
   228 | D:1      | Reached XP level 2. HP: 26/26 MP: 7/7
  1053 | D:2      | Found a blossoming altar of Fedhas.
  1065 | D:2      | Reached XP level 3. HP: 28/31 MP: 9/9
  1104 | D:2      | Reached skill level 5 in Spellcasting
  1183 | D:2      | Learned a level 3 spell: Regeneration
  1188 | D:2      | Learned a level 3 spell: Spectral Weapon
  1254 | D:2      | Reached skill level 1 in Invocations
  1565 | D:2      | Reached skill level 1 in Short Blades
  1565 | D:2      | Reached skill level 1 in Long Blades
  1565 | D:2      | Reached skill level 1 in Axes
  1565 | D:2      | Reached skill level 1 in Maces & Flails
  1565 | D:2      | Reached skill level 1 in Staves
  1565 | D:2      | Reached skill level 1 in Slings
  1565 | D:2      | Reached skill level 1 in Bows
  1565 | D:2      | Reached skill level 1 in Crossbows
  1565 | D:2      | Reached skill level 1 in Throwing
  1565 | D:2      | Reached skill level 1 in Stealth
  1565 | D:2      | Reached skill level 1 in Shields
  1565 | D:2      | Reached skill level 1 in Unarmed Combat
  1565 | D:2      | Reached skill level 1 in Evocations
  1565 | D:2      | Reached XP level 4. HP: 38/38 MP: 7/11
  1915 | D:3      | Noticed Jessica
  1921 | D:3      | Killed Jessica
  1921 | D:3      | Reached skill level 1 in Conjurations
  1921 | D:3      | Reached skill level 1 in Hexes
  1921 | D:3      | Reached skill level 1 in Summonings
  1921 | D:3      | Reached skill level 1 in Necromancy
  1921 | D:3      | Reached skill level 1 in Translocations
  1921 | D:3      | Reached skill level 1 in Transmutations
  1921 | D:3      | Reached skill level 1 in Fire Magic
  1921 | D:3      | Reached skill level 1 in Ice Magic
  1921 | D:3      | Reached skill level 1 in Air Magic
  1921 | D:3      | Reached skill level 1 in Earth Magic
  1921 | D:3      | Reached skill level 1 in Poison Magic
  2026 | D:3      | Noticed Ijyb
  2036 | D:3      | Slain by Ijyb

Levels and vault maps discovered:
D:1:      wander_arrival_lonely_grave, layout_basic, minmay_pentomino_u2
D:2:      layout_loops_cross, fedhas_altar_1
D:3:      layout_loops_ring, cheibrodos_ashenzari_chains,
          lemuel_coloured_pillars_altar, serial_bayou_crossing, uniq_jessica,
          uniq_sigmund, uniq_ijyb, uniq_terence

Skill      XL: |  1  2  3  4 |
---------------+-------------+-----
Spellcasting   | 5 |  5.1
Invocations    | 1 |  1.3
Short Blades   | 1 |  1.2
Long Blades    | 1 |  1.2
Axes           | 1 |  1.2
Maces & Flails | 1 |  1.2
Staves         | 1 |  1.2
Slings         | 1 |  1.2
Bows           | 1 |  1.2
Crossbows      | 1 |  1.2
Throwing       | 1 |  1.2
Stealth        | 1 |  1.2
Shields        | 1 |  1.2
Unarmed Combat | 1 |  1.2
Evocations     | 1 |  1.2
Conjurations   | 1 |  1.0
Hexes          | 1 |  1.0
Summonings     | 1 |  1.0
Necromancy     | 1 |  1.0
Translocations | 1 |  1.0
Transmutations | 1 |  1.0
Fire Magic     | 1 |  1.0
Ice Magic      | 1 |  1.0
Air Magic      | 1 |  1.0
Earth Magic    | 1 |  1.0
Poison Magic   | 1 |  1.0
Fighting       | |  4.6
Polearms       | |  4.6
Armour         | |  2.8
Dodging        | |  4.6
Charms         | |  5.5

Action                   |  1- 3 |  4- 6 || total
-------------------------+-------+-------++-------
Melee: Spear             |   124 |    19 ||   143
       Bite              |     8 |       ||     8
 Cast: Spectral Weapon   |     3 |     4 ||     7
       Regeneration      |     1 |       ||     1
 Stab: Sleeping          |     2 |     1 ||     3
       Distracted        |     1 |       ||     1
  Eat: Chunk             |     2 |     2 ||     4
Armor: Leather armour    |    17 |     1 ||    18
Dodge: Dodged            |    46 |     4 ||    50

Table legend:
 A = Non-vault XP
 B = Vault XP
 C = Vault XP percentage of total XP
 D = Non-vault monster count
 E = Vault monster count
 F = Vault count percentage of total count
                 A         B        C        D         E       F
            +---------+---------+-------+---------+---------+-------
      Total |      95 |      40 |  29.6 |      33 |       3 |   8.3
            +---------+---------+-------+---------+---------+-------
        D:1 |      30 |       3 |   9.1 |      18 |       2 |  10.0
        D:2 |      65 |       0 |   0.0 |      15 |       0 |   0.0
        D:3 |       0 |      37 | 100.0 |       0 |       1 | 100.0
            +---------+---------+-------+---------+---------+-------
